AoeStats
← Malelf

Arabia

509294947Analyzed
1v1 RM · 5d ago on Sep 26, 2026· 45m 20s· 2 players
Game mode
Random Map
Map size
Tiny (2 player)
Population
200
Speed
Normal
Resources
Standard
Victory
Conquest
Starting age
Dark Age
Ending age
Imperial Age
RankedLock teamsTeams togetherTeam positionsShared explorationLock speedFull tech treeHidden civsTurbo modeCheats
Victory
Defeat
1725
+17
🇮🇹 Mongols · Italy
1741
-17
别问,问就是爱过
7:04 Loom
9:16 Feudal Age
12:43 Double-Bit Axe
13:19 Town Watch
13:36 Horse Collar
18:09 Fletching
23:05 Castle Age
21:32 Gold Mining
22:18 Bloodlines
23:16 Wheelbarrow
23:03 Stone Mining
23:48 Bodkin Arrow
24:15 Bow Saw
24:56 Husbandry
26:39 Hand Cart
26:17 Crossbowman
29:51 Scale Barding Armor
34:05 Corvinian Army
34:29 Chain Barding Armor
34:11 Padded Archer Armor
35:03 Gold Shaft Mining
34:31 Heavy Plow
36:00 Ballistics
39:56 Imperial Age
38:31 Town Patrol
38:48 Leather Archer Armor
38:41 Thumb Ring
39:42 Gold Shaft Mining
40:40 Bracer
41:42 Chemistry
42:47 Two-Man Saw
41:10 Heavy Cavalry Archer
42:20 Parthian Tactics
42:23 Recurve Bow
43:47 Ring Archer Armor
43:35 Siege Engineers
44:49 Plate Barding Armor
44:37 Conscription
Malelf
8:21 Loom
10:34 Feudal Age
11:05 Double-Bit Axe
11:17 Horse Collar
14:00 Forging
22:13 Castle Age
20:30 Gold Mining
21:11 Scale Barding Armor
22:33 Wheelbarrow
22:16 Light Cavalry
23:35 Bow Saw
23:58 Fletching
25:06 Bloodlines
27:28 Heavy Plow
27:48 Bodkin Arrow
30:44 Ballistics
31:22 Husbandry
31:35 Padded Archer Armor
32:33 Leather Archer Armor
34:15 Thumb Ring
34:22 Guard Tower
39:39 Imperial Age
39:24 Chain Barding Armor
40:48 Gold Shaft Mining
40:04 Stone Mining
40:31 Hand Cart
40:45 Conscription
40:41 Bracer
41:56 Iron Casting
41:56 Masonry
42:47 Chemistry
42:34 Elite Skirmisher
43:40 Parthian Tactics
43:41 Heavy Cavalry Archer
45:24 Blast Furnace
Connection lost

Rejoining the realm…

Still unreachable

The connection could not be restored.

Session expired

The server has moved on; the page needs a fresh start.